 Dungeon Sprint DCSS version 0.30-a0-1016-gfb0d676c02 (webtiles) character file.

Game seed: 13791708865529447090

368 BigDaddyOpFi the Trooper (level 6, 0/61 HPs)
             Began as a Hill Orc Monk on Apr 6, 2023.
             Was a High Priest of Kikubaaqudgha.
             Slain by an ogre
             ... wielding a +0 giant spiked club
              (7 damage)
             ... in the Dungeon (Sprint VII: "The Pits").
             The game lasted 00:01:53 (872 turns).

BigDaddyOpFi the Trooper (Hill Orc Monk)             Turns: 872, Time: 00:01:54

Health: 0/61       AC: 12    Str: 16    XL:     6   Next: 69%
Magic:  6/6        EV:  5    Int: 10    God:    Kikubaaqudgha [*****.]
Gold:   0          SH:  0    Dex: 13    Spells: 5/5 levels left

rFire   . . .      SeeInvis .    j - +2 hand axe
rCold   . . .      Faith    .    (no shield)
rNeg    . . .      Spirit   .    k - +2 plate armour
rPois   .          Reflect  .    (no helmet)
rElec   .          Rampage  .    (no cloak)
rCorr   .          NoTele   +    (no gloves)
Will    .....                    (no boots) Stlth
                                 (no amulet)
HPRegen 0.30/turn                (no ring)
MPRegen 0.10/turn                (no ring)

@: on berserk cooldown, slowed, very slow
A: no striking features
a: Renounce Religion, Convert to Beogh, Unearth Wretches, Torment


You were in the Dungeon.
You worshipped Kikubaaqudgha.
Kikubaaqudgha was extremely pleased with you.
You visited 1 branch

Inventory:

Hand Weapons
 j - a +2 hand axe (weapon)
Armour
 k - a +2 plate armour (worn)
Scrolls
 i - a scroll of blinking
Potions
 a - a potion of invisibility
 c - a potion of ambrosia
 d - 6 potions of curing
 e - 4 potions of heal wounds
 f - a potion of haste
 g - 4 potions of magic
 h - 2 potions of berserk rage


   Skills:
 + Level 7.8 Fighting
 + Level 6.4 Short Blades
 + Level 5.3 Dodging
 + Level 5.3 Stealth
 * Level 7.6 Necromancy


You had 5 spell levels left.
You didn't know any spells.
Your spell library contained the following spells:

 Spells                   Type           Power      Damage    Failure   Level
 Necrotise                Necr           60%        1d7       80%         1
 Sublimation of Blood     Necr           15%        N/A       91%         2
 Kiss of Death            Conj/Necr      28%        2d7       100%        1
 Anguish                  Hex/Necr       3%         N/A       100%        4
 Animate Dead             Necr           15%        N/A       100%        4
 Dispel Undead            Necr           15%        3d10      100%        4
 Agony                    Necr           15%        N/A       100%        5
 Simulacrum               Ice/Necr       3%         N/A       100%        6


Dungeon Overview and Level Annotations

Branches:
Dungeon (1/1)

Altars:
Ashenzari
Cheibriados
Dithmenos
Elyvilon
Fedhas
Gozag
Hepliaklqana
Kikubaaqudgha
Makhleb
Nemelex Xobeh
Okawaru
Qazlal
Ru
Sif Muna
Trog
Uskayaw
Vehumet
Wu Jian
Xom
Yredelemnul
Zin
The Shining One
Beogh
Jiyva
Lugonu


Message History

The gnoll hits you with a +0 club. x2
You feel much better. The gnoll hits you with a +0 club.
The orc splashes around in the water.
Okay, then.
You strike the helpless gnoll from behind!
You hit the gnoll.
The gnoll is heavily wounded.
The gnoll hits you but does no damage. The orc hits you but does no damage.
The gnoll hits you with a +0 club.
The orc splashes around in the water.
You hit the gnoll.
The gnoll is severely wounded.
The gnoll barely misses you. x2
The orc priest calls down the wrath of Beogh upon the gnoll.
The ogre writhes in agony!
You barely miss the gnoll.
The gnoll is severely wounded.
You flicker for a moment.
The ogre shouts!
The gnoll barely misses you. The gnoll hits you with a +0 club.
You hit the gnoll.
The gnoll is almost dead.
The gnoll hits you but does no damage. x2
The gnoll hits you from afar with a +0 spear!
You hit the gnoll.
You kill the gnoll!
Kikubaaqudgha accepts your kill.
The gnoll hits you from afar with a +0 spear.
The ogre hits you with a +0 giant spiked club!!
Ouch! That really hurt!
* * * LOW HITPOINT WARNING * * *
The gnoll hits you from afar with a +0 spear!
* * * LOW HITPOINT WARNING * * *
You barely miss the ogre.
The ogre is heavily wounded.
You flicker back into view.
The gnoll hits you from afar with a +0 spear.
* * * LOW HITPOINT WARNING * * *
The ogre hits you with a +0 giant spiked club!
You die...
Kikubaaqudgha rasps: "You have failed me!
Welcome... death!"

#'#####'#####.....
#.#..#..#.[##.....
#.#..'..#)[#####'#
#.#.)####))##.....
#.#..#..#))##.....
#.#..#..#..##.....
#.##'#..#'###...<.
#.#...รท....##.....
#@#........##.....
#O###########.....
#.gog.{.# ######
#oo#s#..# #.## #
#.. #.# #.. #..


You could see an ogre, an orc priest, a gnoll and an orc.

Vanquished Creatures
  A floating eye (D)
  A sky beast (D)
  A gnoll sergeant (D)
  A scorpion (D)
  2 gnolls (D)
  2 adders (D)
  A river rat (D)
  2 hobgoblins (D)
  A kobold (D)
  2 ball pythons (D)
  2 bats (D)
16 creatures vanquished.

Vanquished Creatures (others)
  A gnoll (D)
1 creature vanquished.

Grand Total: 17 creatures vanquished

Notes
Turn   | Place    | Note
-------+----------+-------------------------------------------
     0 | D        | BigDaddyOpFi the Hill Orc Monk began the quest for the Orb.
     0 | D        | Reached XP level 1. HP: 19/19 MP: 1/1
    28 | D        | Reached XP level 2. HP: 27/28 MP: 2/2
    63 | D        | Found a bloodstained altar of Trog.
    63 | D        | Found a shimmering blue altar of Sif Muna.
    63 | D        | Found a viscous altar of Jiyva.
    63 | D        | Found a hazy altar of Hepliaklqana.
    63 | D        | Found an opulent altar of Gozag.
    64 | D        | Found a glowing golden altar of the Shining One.
    64 | D        | Found a glowing silver altar of Zin.
    64 | D        | Found a basalt altar of Yredelemnul.
    64 | D        | Found a shimmering altar of Xom.
    64 | D        | Found an ornate altar of the Wu Jian Council.
    64 | D        | Found a sacrificial altar of Ru.
    64 | D        | Found a stormy altar of Qazlal.
    64 | D        | Found an iron altar of Okawaru.
    64 | D        | Found a sparkling altar of Nemelex Xobeh.
    64 | D        | Found a burning altar of Makhleb.
    64 | D        | Found a blossoming altar of Fedhas.
    64 | D        | Found a white marble altar of Elyvilon.
    64 | D        | Found a shadowy altar of Dithmenos.
    64 | D        | Found a snail-covered altar of Cheibriados.
    66 | D        | Found a radiant altar of Vehumet.
    66 | D        | Found a corrupted altar of Lugonu.
    66 | D        | Found a roughly hewn altar of Beogh.
    67 | D        | Found a hide-covered altar of Uskayaw.
    67 | D        | Found an ancient bone altar of Kikubaaqudgha.
    67 | D        | Found a broken altar of Ashenzari.
    78 | D        | Became a worshipper of Kikubaaqudgha
    78 | D        | Reached * piety under Kikubaaqudgha
    78 | D        | Received a gift from Kikubaaqudgha
    78 | D        | Reached ** piety under Kikubaaqudgha
   116 | D        | Reached skill level 1 in Necromancy
   311 | D        | Reached *** piety under Kikubaaqudgha
   311 | D        | Received a gift from Kikubaaqudgha
   547 | D        | Noticed a floating eye
   550 | D        | Paralysed by a floating eye for 4 turns
   556 | D        | Reached XP level 3. HP: 21/34 MP: 3/3
   556 | D        | Killed a floating eye
   557 | D        | Reached skill level 5 in Short Blades
   557 | D        | Reached XP level 4. HP: 27/44 MP: 4/4
   557 | D        | Reached XP level 5. HP: 31/50 MP: 5/5
   558 | D        | Reached skill level 5 in Necromancy
   564 | D        | Reached **** piety under Kikubaaqudgha
   836 | D        | Noticed a sky beast
   855 | D        | Killed a sky beast
   856 | D        | Reached skill level 5 in Dodging
   856 | D        | Reached skill level 5 in Stealth
   856 | D        | Reached XP level 6. HP: 60/60 MP: 6/6
   858 | D        | Reached ***** piety under Kikubaaqudgha
   872 | D        | Slain by an ogre

Illustrated notes

Levels and vault maps discovered:
D:        pitsprint [storerooms_1, entrance_room_1, metal_vault_5, armoury_1,
          mini_pit_1, grid_room_1, main_hall_1, silver_pit, the_coven_3,
          the_vestibule_1, steel_vault_4, golden_pit, hallway_of_sentries,
          crystal_vault_3, iron_vault_4, final_vault]

Skill      XL: |  1  2  3  4  5  6 |
---------------+-------------------+-----
Fighting       | 4 6 7 |  7.8
Dodging        | 3 4 5 |  5.3
Stealth        | 2 3 5 |  5.3
Necromancy     | 1 4 6 7 |  7.6
Short Blades   | 5 6 |  6.4

Action                     |  1- 3 |  4- 6 || total
---------------------------+-------+-------++-------
  Melee: Short sword       |    18 |       ||    18
         Hand axe          |    16 |    32 ||    48
    Use: Potion            |     1 |     3 ||     4
   Stab: Invisible         |       |     3 ||     3
 Armour: Robe              |    16 |       ||    16
         Plate armour      |       |    19 ||    19
  Dodge: Dodged            |    46 |    16 ||    62

Table legend: (Time is in decaauts)
 A = Elapsed time spent in this place.
 B = Non-inter-level travel time spent in this place.
 C = Inter-level travel time spent in this place.
 D = Time resting spent in this place.
 E = Time spent auto-exploring this place.
 F = Levels seen in this place.
 G = Mean time per level.
                   A        B        C        D        E       F      G
               +--------+--------+--------+--------+--------+-----+--------+
         Total |    881 |    860 |     21 |    625 |      0 |   1 |  881.0 |
       Dungeon |    881 |    860 |     21 |    625 |      0 |   1 |  881.0 |
               +--------+--------+--------+--------+--------+-----+--------+

Top non-repeatable levels by time:
       D: 881 daAuts
